 Dungeon Crawl Stone Soup version 0.18.1-50-g88ac8fd (webtiles) character file.

273 Goblin1989 the Firebug (level 6, 41/41 HPs)
             Began as a Demonspawn Fire Elementalist on Sept 19, 2017.
             Was an Initiate of Vehumet.
             Quit the game on level 4 of the Dungeon on Sept 20, 2017.
             The game lasted 00:18:30 (3958 turns).

Goblin1989 the Firebug (DsFE)                       Turns: 3958, Time: 00:18:31

Health: 41/41      AC:  4    Str: 12    XL:     6   Next: 3%
Magic:  7/10       EV: 12    Int: 19    God:    Vehumet [......]
Gold:   157        SH:  0    Dex: 13    Spells: 3 memorised, 4 levels left

rFire  + . .     SeeInvis .     p - +2 dagger (venom)
rCold  + . .     Gourm    .     M - +1 robe {rC+}
rNeg   . . .     Faith    .     (no shield)
rPois  .         Spirit   .     (helmet restricted)
rElec  .         Dismiss  .     (no cloak)
rCorr  .         Reflect  .     (no gloves)
SustAt .         Harm     .     m - +0 pair of boots
MR     .....                    f - amulet of magic regeneration
Stlth  ++........               P - +4 ring of strength
                                s - ring of wizardry

@: drained, not resistant to hostile enchantments, unstealthy
A: claws 1, horns 1, fire resistance 1, powered by death 1
a: Renounce Religion


You were on level 4 of the Dungeon.
You worshipped Vehumet.
Vehumet was noncommittal.
You were not hungry.

You visited 2 branches of the dungeon, and saw 5 of its levels.

You collected 157 gold pieces.

Inventory:

Hand Weapons
 p - a +2 dagger of venom (weapon)
 y - a +0 hunting sling
 L - a +0 arbalest
 S - a +1 mace of draining
Missiles
 o - 210 stones (quivered)
 A - 81 arrows
 E - 6 needles of sleeping
Armour
 m - a +0 pair of boots (worn)
 M - a +1 robe of cold resistance (worn)
Jewellery
 f - an amulet of magic regeneration (around neck)
 s - a ring of wizardry (left claw)
 K - a ring of ice
 P - a +4 ring of strength (right claw)
Wands
 I - a wand of iceblast (5/15)
Scrolls
 j - a scroll of fog {unknown}
 r - 2 scrolls of noise {unknown}
 u - 2 scrolls of identify {unknown}
 w - a scroll of random uselessness {unknown}
 x - a scroll of recharging {unknown}
 D - a scroll of enchant weapon {unknown}
 F - a scroll of remove curse {unknown}
 R - a scroll of magic mapping {unknown}
Potions
 g - a potion of resistance {unknown}
 h - 3 potions of curing {unknown}
 l - a potion of beneficial mutation {unknown}
 q - a potion of cure mutation {unknown}
 t - a potion of cancellation {unknown}
 v - 2 potions of ambrosia {unknown}
 z - 3 potions of flight {unknown}
 G - a potion of brilliance {unknown}
 H - a potion of heal wounds {unknown}
 J - a potion of agility {unknown}
 O - a potion of magic {unknown}
Books
 b - a book of Flames

   Spells                             Type                      Level
   a - Flame Tongue                   Conjuration/Fire             1
   b - Throw Flame                    Conjuration/Fire             2
   c - Conjure Flame                  Conjuration/Fire             3
   d - Inner Flame                    Hexes/Fire                   3
   e - Sticky Flame                   Conjuration/Fire             4
   f - Fireball                       Conjuration/Fire             5
 T - a book of Frost

   Spells                             Type                      Level
   a - Freeze                         Ice                          1
   b - Throw Frost                    Conjuration/Ice              2
   c - Ozocubu's Armour               Charms/Ice                   3
   d - Throw Icicle                   Conjuration/Ice              4
   e - Summon Ice Beast               Ice/Summoning                4
Comestibles
 e - 2 bread rations {@e1}
 n - 3 meat rations {@e2}
 C - 2 slices of pizza
 Q - 2 chunks of flesh


   Skills:
 - Level 1.7(1.6) Dodging
 - Level 1.7(1.6) Stealth
 + Level 3.0(2.8) Spellcasting
 * Level 3.8(3.7) Conjurations
 * Level 4.4(4.3) Fire Magic


You had 4 spell levels left.
You knew the following spells:

 Your Spells              Type           Power        Failure   Level  Hunger
a - Flame Tongue          Conj/Fire      ###..        1%          1    None
b - Inner Flame           Hex/Fire       ##......     9%          3    ###....
j - Conjure Flame         Conj/Fire      ###.....     4%          3    ###....


Dungeon Overview and Level Annotations

Branches:
Dungeon (4/15)             Temple (1/1) D:4

Altars:
Ashenzari
Dithmenos
Elyvilon
Okawaru
Qazlal
Trog
Vehumet
Xom
Yredelemnul
Zin


Innate Abilities, Weirdness & Mutations

You have sharp fingernails.
You have a pair of small horns on your head.
Your flesh is heat resistant.
You regenerate a little health from kills.


Message History

Confirm with . or Enter, or press ? or * to list all spells.
Aiming: Flame Tongue
Press: ? - help, Shift-Dir - straight line, f/p - orc priest
Aim: an orc priest, wielding a mace of draining and wearing a ring mail (severely wounded)
The flame tongue hits the orc priest.
You kill the orc priest!
You now have 5/9 mp.
Unknown command.
R - a scroll labeled YBROL YFUSM
Things that are here:
a mace of draining; a ring mail You regained 2 hp, and now have 31/35 hp.
S - a mace of draining You start resting.
HP restored.
You feel less regenerative.
Health restored: 35 You regained 2 mp, and now have 8/9 mp.
Magic restored.
Some of the chunks of flesh in your inventory have rotted away.
e - 2 bread rations {@e1} (gained 1) MP restored: 9
Found a stone staircase leading down.
Found a staircase to the Ecumenical Temple.
There is a dry fountain here.
There is a staircase to the Ecumenical Temple here.
Unknown command.
There is a fountain of clear blue water here.
T - a book of Frost
Okay, then.
There is a staircase to the Ecumenical Temple here.
You climb downwards.
Welcome to the Ecumenical Temple!
There is a staircase back to the Dungeon here.
Found a shadowy altar of Dithmenos.
Found a basalt altar of Yredelemnul and a radiant altar of Vehumet.
Found a glowing silver altar of Zin.
Found a shimmering altar of Xom.
There is a radiant altar of Vehumet here.
You can't go down here!
Unknown command.
Put on which piece of jewellery? (? for menu, Esc to quit)
Okay, then.
You kneel at the altar of Vehumet.
Vehumet welcomes you!
Unknown command.
(D) Dungeon (T) Temple
Where to? (Enter - D:4 @ (x,y), ? - help)
Found an iron altar of Okawaru.
There is a staircase back to the Dungeon here.
You climb upwards.
Welcome back to the Dungeon!
There is a staircase to the Ecumenical Temple here.
An adder comes into view.
Casting: Flame Tongue
Confirm with . or Enter, or press ? or * to list all spells.
Aiming: Flame Tongue
Press: ? - help, Shift-Dir - straight line, f - adder
Aim: an adder The flame tongue hits the adder.
The adder appears unharmed.
You now have 8/9 mp.
Casting: Flame Tongue
Confirm with . or Enter, or press ? or * to list all spells.
Aiming: Flame Tongue
Press: ? - help, Shift-Dir - straight line, f/p - adder
Aim: an adder The flame tongue hits the adder.
The adder is lightly wounded.
The adder misses you.
You now have 7/9 mp.
Casting: Flame Tongue
Confirm with . or Enter, or press ? or * to list all spells.
Aiming: Flame Tongue
Press: ? - help, Shift-Dir - straight line, f/p - adder
Aim: an adder (lightly wounded)
The flame tongue misses the adder.
The adder bites you.
Casting: Flame Tongue
Confirm with . or Enter, or press ? or * to list all spells.
Aiming: Flame Tongue
Press: ? - help, Shift-Dir - straight line, f/p - adder
Aim: an adder (lightly wounded)
The flame tongue hits the adder.
You kill the adder!
Vehumet accepts your kill.
Your base Spellcasting skill increases to level 3!
You have reached level 6!
Your experience leads to an increase in your attributes!
Your base attributes are Str 8, Int 18, Dex 13.
Increase (S)trength, (I)ntelligence, or (D)exterity?
You feel clever.
Your demonic ancestry asserts itself...
A pair of horns grows on your head!
You regained 4 hp, and now have 39/41 hp.
You now have 6/10 mp.
There is a dry fountain here.
You see here an adder corpse.
You butcher the adder corpse.
Q - 2 chunks of flesh (gained 1)
There is a dry fountain here.
You see here an adder skeleton.
Health restored: 41 Char dumped successfully.
Are you sure you want to abandon this character and quit the game? (Confirm with "yes".)

██.███.█████ █.█ █.█ █.
█.█ █.█ █.. █ █.█ █.██
███ █∆█ ██..█ ... █...█
.... █.Ψ.█
..%..████...████ █
...............█████████
.......@..>..Ψ..........
...............█████████
.....████...████ █ ....
█.Ψ.█ ... █...█


█████ █▲ █████ █.... █.███ █.███ █.... There were no monsters in sight!

Vanquished Creatures
  A hound (D:4)
  An orc priest (D:4)
  2 orc wizards (D:4)
  A worker ant (D:4)
  5 adders
  A worm (D:4)
  A dart slug (D:2)
  4 giant geckos
  9 orcs
  10 bats
  4 giant cockroaches
  10 goblins
  5 hobgoblins
  6 jackals
  A quokka (D:2)
  2 ball pythons (D:1)
  3 giant newts
  6 kobolds
  5 rats
77 creatures vanquished.

Notes
Turn   | Place    | Note
--------------------------------------------------------------
     0 | D:1      | Goblin1989 the Demonspawn Fire Elementalist began the quest for the Orb.
     0 | D:1      | Reached XP level 1. HP: 13/13 MP: 3/3
   217 | D:1      | Gained mutation: You regenerate a little health from kills. [demonic ancestry]
   217 | D:1      | Reached XP level 2. HP: 18/19 MP: 1/5
   238 | D:1      | Reached skill level 3 in Fire Magic
   600 | D:1      | Reached XP level 3. HP: 24/24 MP: 1/6
  1273 | D:2      | Found a white marble altar of Elyvilon.
  2306 | D:3      | Gained mutation: Your flesh is heat resistant. [demonic ancestry]
  2306 | D:3      | Reached XP level 4. HP: 30/30 MP: 4/7
  2341 | D:3      | Found a stormy altar of Qazlal.
  2488 | D:3      | Learned a level 3 spell: Conjure Flame
  2492 | D:3      | Learned a level 3 spell: Inner Flame
  2644 | D:3      | Found a bloodstained altar of Trog.
  2708 | D:3      | Found a shattered altar of Ashenzari.
  3031 | D:4      | Reached skill level 4 in Fire Magic
  3031 | D:4      | Gained mutation: You have sharp fingernails. [demonic ancestry]
  3031 | D:4      | Reached XP level 5. HP: 30/35 MP: 4/8
  3883 | D:4      | Found a staircase to the Ecumenical Temple.
  3901 | Temple   | Entered the Ecumenical Temple
  3930 | Temple   | Became a worshipper of Vehumet
  3954 | D:4      | Gained mutation: You have a pair of small horns on your head. [demonic ancestry]
  3954 | D:4      | Reached XP level 6. HP: 38/41 MP: 6/10
  3958 | D:4      | Quit the game

Skill      XL: |  1  2  3  4  5 |
---------------+----------------+-----
Fire Magic     | 3 4 |  4.4
Conjurations   | 2 3 |  3.8
Spellcasting   | 3 |  3.0
Dodging        | |  1.7
Stealth        | |  1.7

Action                   |  1- 3 |  4- 6 || total
-------------------------+-------+-------++-------
Melee: Club              |     3 |       ||     3
       Dagger            |    12 |     3 ||    15
 Cast: Flame Tongue      |    80 |    75 ||   155
       Conjure Flame     |       |     2 ||     2
       Inner Flame       |       |     1 ||     1
Evoke: Wand              |       |     1 ||     1
  Eat: Chunk             |     5 |     6 ||    11
Armor: Robe              |    19 |     7 ||    26
Dodge: Dodged            |    56 |    37 ||    93

Vault maps used:
D:1:      lemuel_arrival_tunnels
D:2:      lemuel_coloured_pillars_altar, serial_forest,
          infiniplex_forest_clump_long, infiniplex_forest_3_way,
          infiniplex_forest_fountain, infiniplex_forest_clump_diagonal,
          infiniplex_forest_clump_diagonal, infiniplex_forest_clump_small
D:3:      lemuel_doored_altar, marbit_many_paths, overflow_temple_1_default
D:4:      minmay_temple_entry_junction, first_bread, kennysheep_generic_room_13
Temple:   oiseaux_autumnal_temple_12
